 Dungeon Crawl Stone Soup version 0.26-a0-346-g33516b1736 (webtiles) character file.

Game seed: 11788797090263061766

216 BritishOli the Skirmisher (level 5, -3/42 HPs)
             Began as a Demonspawn Fighter on July 17, 2020.
             Splashed by Ijyb's acid (8 damage)
             ... on level 3 of the Dungeon.
             The game lasted 00:01:26 (2299 turns).

BritishOli the Skirmisher (Demonspawn Fighter)      Turns: 2299, Time: 00:01:26

Health: -3/42      AC:  9    Str: 17    XL:     5   Next: 61%
Magic:  5/5        EV:  7    Int:  9    God:
Gold:   90         SH:  9    Dex: 13    Spells: 4/4 levels left

rFire    . . .     SeeInvis .   a - +0 long sword
rCold    . . .     Faith    .   c - +0 kite shield
rNeg     . . .     Spirit   .   b - +0 scale mail
rPois    .         Reflect  .   (no helmet)
rElec    .         Harm     .   (no cloak)
rCorr    .                      (no gloves)
MR       .....                  (no boots)
Stlth    ..........             (no amulet)
HPRegen  0.14/turn              (no ring)
MPRegen  0.09/turn              (no ring)

@: no status effects
A: hooves 1, iridescent scales 1, spiny 1
a: no special abilities


You were on level 3 of the Dungeon.
You visited 1 branch of the dungeon, and saw 3 of its levels.

You collected 90 gold pieces.

Inventory:

Hand Weapons
 a - a +0 long sword (weapon)
Missiles
 f - 16 boomerangs (quivered)
Armour
 b - a +0 scale mail (worn)
 c - a +0 kite shield (worn)
Wands
 j - a wand of disintegration (13)
Scrolls
 e - a scroll of identify {unknown}
 h - 2 scrolls of teleportation {unknown}
 i - a scroll of noise {unknown}
 l - a scroll of fog {unknown}
 m - a scroll of remove curse {unknown}
Potions
 d - 2 potions of might
 g - a potion of curing {unknown}
 k - a potion of invisibility {unknown}


   Skills:
 + Level 4.0 Fighting
 + Level 3.1 Long Blades
 + Level 3.7 Armour
 + Level 3.6 Shields


You had 4 spell levels left.
You didn't know any spells.
Your spell library was empty.

Dungeon Overview and Level Annotations

Branches:
Dungeon (3/15)

Altars:
Qazlal

Annotations:
D:3 Ijyb


Innate Abilities, Weirdness & Mutations

You have large cloven feet.
You are partially covered in iridescent scales. (AC +2)
You are partially covered in sharp spines.


Message History

Ijyb is lightly wounded.
Ijyb hits you with a +0 club.
Ijyb is nearby!
Your shield and scale mail prevent you from hitting Ijyb.
Your kick misses Ijyb.
Ijyb is lightly wounded.
Ijyb hits you but does no damage.
Ijyb is nearby!
Ijyb is nearby!
You closely miss Ijyb. You kick Ijyb, but do no damage.
Ijyb is lightly wounded.
Ijyb hits you but does no damage.
Ijyb is nearby!
You hit Ijyb. You kick Ijyb, but do no damage.
Ijyb is moderately wounded.
Ijyb is struck by your spines. Ijyb hits you but does no damage.
Ijyb zaps a wand.
The bolt of acid hits you!
* * * LOW HITPOINT WARNING * * *
You are splashed with acid!
You die...

..........(......####..#.......
#######.###.................#
#.# ##.###..###..#..#.##. #[#
#........#..#..#.##. #.#
#.###..#.#..#..#.##.
###.####.###.......#..#.##.
#..........................
#.#.######.....)#.#...#.##.
#@##...#.#...#.##.
#g##...#.#...#.##.
..................
...###..#.#####.... .#...
...... #.##. #..... ......
...... # ..## #. #.#.##. #..
#...... ###.###


You could see Ijyb.

Vanquished Creatures
  A bullfrog skeleton (D:2)
  Terence (D:2)
  A worker ant (D:2)
  A hound zombie (D:3)
  A gnoll (D:1)
  5 adders
  2 worms (D:2)
  2 dart slugs
  An orc (D:3)
  A ball python (D:3)
  4 giant cockroaches
  10 goblins
  A hobgoblin (D:1)
  3 jackals (D:1)
  A quokka (D:2)
  3 bats
  4 frilled lizards
  13 kobolds
  7 rats
62 creatures vanquished.

Notes
Turn   | Place    | Note
-------+----------+-------------------------------------------
     0 | D:1      | BritishOli the Demonspawn Fighter began the quest for the
                  | Orb.
     0 | D:1      | Reached XP level 1. HP: 18/18 MP: 1/1
   125 | D:1      | Gained mutation: You are partially covered in sharp spines.
                  | [demonic ancestry]
   125 | D:1      | Reached XP level 2. HP: 18/24 MP: 2/2
   561 | D:1      | Gained mutation: You have large cloven feet. [demonic
                  | ancestry]
   561 | D:1      | Reached XP level 3. HP: 17/29 MP: 3/3
  1186 | D:2      | Noticed Terence
  1196 | D:2      | Killed Terence
  1300 | D:2      | Reached XP level 4. HP: 33/35 MP: 4/4
  1636 | D:2      | Found a stormy altar of Qazlal.
  1822 | D:2      | Gained mutation: You are partially covered in iridescent
                  | scales. (AC +2) [demonic ancestry]
  1822 | D:2      | Reached XP level 5. HP: 40/42 MP: 5/5
  2187 | D:3      | Reached skill level 4 in Fighting
  2292 | D:3      | Noticed Ijyb
  2299 | D:3      | Splashed by Ijyb's acid

Illustrated notes

Levels and vault maps discovered:
D:1:      psy_arrival_wood_between_worlds, layout_basic, minmay_close_crescents
D:2:      layout_loops_ring, nicolae_overflow_crystal_walls,
          minmay_misc_feat_enclosed, uniq_terence
D:3:      layout_loops_ring, amethyst_killhole, uniq_robin, uniq_ijyb

Skill      XL: |  1  2  3  4  5 |
---------------+----------------+-----
Long Blades    | 2 3 |  3.1
Shields        | 3 |  3.6
Armour         | 3 |  3.7
Fighting       | 4 |  4.0

Action                   |  1- 3 |  4- 6 || total
-------------------------+-------+-------++-------
Melee: Long sword        |    56 |    98 ||   154
       Kick              |     3 |    37 ||    40
Armor: Scale mail        |    22 |    42 ||    64
Dodge: Dodged            |    17 |    19 ||    36
Block: Kite shield       |    40 |    35 ||    75
       Rpst.: Long sword |     5 |     7 ||    12

Table legend:
 A = Non-vault XP
 B = Vault XP
 C = Vault XP percentage of total XP
 D = Non-vault monster count
 E = Vault monster count
 F = Vault count percentage of total count
                 A         B        C        D         E       F
            +---------+---------+-------+---------+---------+-------
      Total |     265 |      44 |  14.2 |      58 |       4 |   6.5
            +---------+---------+-------+---------+---------+-------
        D:1 |      47 |       6 |  11.3 |      23 |       3 |  11.5
        D:2 |     166 |      38 |  18.6 |      25 |       1 |   3.8
        D:3 |      52 |       0 |   0.0 |      10 |       0 |   0.0
            +---------+---------+-------+---------+---------+-------
